Wild vs Sabres

Created - December 20, 2016 at 17:48

Goals
1 2 3 OT1 SO T
Wild 3 1 1 0 1 6
Sabres 2 2 1 0 0 5
Shots
1 2 3 OT1 SO T
Wild 16 13 9 0 5 38
Sabres 12 10 6 3 5 31

1st period

1. Wild , Eric Staal 15 (Jason Pominville) at 0:32
2. Wild , Christian Folin 1 (Eric Staal) at 3:06
3. Wild , Jason Spezza 24 (Tanner Pearson, Kyle Okposo) at 12:03
4. Sabres , Oliver Ekman-Larsson 7 (Nino Niederreiter) at 19:15 (PP)
5. Sabres , Johnny Oduya 2 (Rasmus Ristolainen, Matt Cullen) at 19:22 (PP)

Penalties :
Tanner Pearson (MIN) for Tripping (Minor) at 6:16, Braydon Coburn (BUF) for Holding (Minor) at 8:39, Rasmus Ristolainen (BUF) for High sticking (Minor) at 14:39, Eric Staal (MIN) for Hooking (Minor) at 18:49, Christian Folin (MIN) for Holding (Minor) at 19:18

2nd period

6. Wild , Tanner Pearson 9 (Alex Biega, Kyle Okposo) at 9:13
7. Sabres , Nino Niederreiter 13 (Ryan Johansen, Oliver Ekman-Larsson) at 13:54
8. Sabres , Ryan Johansen 13 (Brock Nelson, Oliver Ekman-Larsson) at 15:53

Penalties :
No Penalty

3rd period

9. Wild , Mason Raymond 2 (Dustin Brown, Dennis Wideman) at 3:07
10. Sabres , Brock Nelson 15 (Matt Cullen, Francois Beauchemin) at 4:42 (PP)

Penalties :
Peter Holland (MIN) for Cross-checking (Minor) at 3:10, Nino Niederreiter (BUF) for Roughing (Double Minor) at 13:24

Overtime #1

No Goal

Penalties :
No Penalty

Shootout

Penalty Shot by Jason Spezza for Wild - Stopped by Ondrej Pavelec
Penalty Shot by Daniel Winnik for Sabres - Stopped by James Reimer
Penalty Shot by Kyle Okposo for Wild - Shot Misses the Net
Penalty Shot by Ryan Johansen for Sabres - Stopped by James Reimer
Penalty Shot by Marian Gaborik for Wild - Stopped by Ondrej Pavelec
Penalty Shot by Kyle Turris for Sabres - Shot Misses the Net
Penalty Shot by Jason Pominville for Wild - Shot Misses the Net
Penalty Shot by Nino Niederreiter for Sabres - Stopped by James Reimer
Penalty Shot by Peter Holland for Wild - Goal!
Penalty Shot by Matt Cullen for Sabres - Stopped by James Reimer

Penalties :
No Penalty

Goalie Stats

James Reimer (MIN), 26 saves from 31 shots - (0.839), W, 16-11-6, 65:00 minutes
Ondrej Pavelec (BUF), 33 saves from 38 shots - (0.868), OTL, 5-18-5, 65:00 minutes

Players Stats for Wild

Player Name              G  A  P  +/- PIM S  H  SB GA TA FO     MP     PP MP  PK MP  
------------------------------------------------------------------------------------
Alex Biega               0  1  1   2  0   1  1  0  0  0  0/0    15:13   0:00   1:35 
Alexander Edler          0  0  0  -2  0   2  4  2  0  0  0/0    26:43   3:25   1:31 
Carl Gunnarsson          0  0  0  -2  0   1  1  1  0  0  0/0    26:32   3:10   1:49 
Christian Folin          1  0  1   3  2   1  0  1  0  0  0/0    20:27   4:32   0:00 
Dennis Wideman           0  1  1   2  0   1  1  0  0  0  0/0    16:39   0:15   1:42 
Dustin Brown             0  1  1   1  0   3  1  1  0  0  0/0    15:30   0:00   1:24 
Eric Staal               1  1  2   0  2   5  3  0  0  0  13/24  23:20   3:38   0:08 
Jason Pominville         0  1  1   0  0   1  0  0  0  0  1/3    23:35   3:38   0:36 
Jason Spezza             1  0  1   2  0   4  0  0  0  0  21/32  24:01   4:19   0:47 
Jeff Petry               0  0  0   3  0   0  1  0  0  0  0/0    23:32   4:32   1:25 
John McCarthy            0  0  0   0  0   0  0  0  0  0  3/9     4:53   0:15   2:37 
Kyle Okposo              0  2  2   2  0   6  3  0  0  0  2/3    22:57   4:19   0:00 
Marian Gaborik           0  0  0   0  0   2  2  0  0  0  0/2    22:08   3:38   0:00 
Mason Raymond            1  0  1   1  0   2  0  1  0  0  0/2    13:48   0:00   1:53 
Peter Holland            0  0  0   1  2   5  0  0  0  0  7/14   12:31   0:00   0:37 
Sean Collins             0  0  0   0  0   0  0  0  0  0  0/0     2:01   0:00   0:00 
Tanner Pearson           1  1  2   2  2   4  2  0  0  0  0/0    21:12   4:04   0:00 
Zach Redmond             0  0  0   0  0   0  0  1  0  0  0/0     0:53   0:00   0:00 

Players Stats for Sabres

Player Name              G  A  P  +/- PIM S  H  SB GA TA FO     MP     PP MP  PK MP  
------------------------------------------------------------------------------------
Braydon Coburn           0  0  0  -1  2   0  2  0  0  0  0/0    15:30   0:00   0:59 
Brock Nelson             1  1  2   1  0   2  0  0  0  0  0/1    19:39   1:38   2:04 
Daniel Winnik            0  0  0  -1  0   1  0  0  0  0  0/1    13:47   0:00   0:00 
Francois Beauchemin      0  1  1  -1  0   1  0  2  0  0  0/0    28:40   2:09   4:47 
Gustav Nyquist           0  0  0  -2  0   0  1  0  0  0  1/1     6:26   0:00   0:19 
Jacob Josefson           0  0  0  -2  0   1  0  0  0  0  1/2    10:34   0:00   2:16 
Johnny Oduya             1  0  1  -1  0   2  0  1  0  0  0/0    23:40   1:52   3:12 
Kris Versteeg            0  0  0  -1  0   1  0  0  0  0  1/2    11:53   0:00   0:00 
Kyle Turris              0  0  0  -1  0   1  1  0  0  0  5/17   17:54   2:23   0:10 
Lars Eller               0  0  0  -2  0   3  0  0  0  0  3/9     7:45   1:38   0:00 
Matt Cullen              0  2  2  -1  0   1  0  0  0  0  3/5    17:43   1:38   1:24 
Nino Niederreiter        1  1  2   1  4   2  2  0  0  0  0/1    22:35   2:23   2:26 
Oliver Ekman-Larsson     1  2  3   0  0   1  4  1  0  0  0/0    23:07   1:55   3:27 
Rasmus Ristolainen       0  1  1  -2  2   0  4  4  0  0  0/0    25:26   2:06   3:29 
Ryan Johansen            1  1  2   1  0   8  2  1  0  0  20/35  24:50   2:23   4:17 
Thomas Vanek             0  0  0  -1  0   3  0  0  0  0  0/1    15:34   0:00   1:29 
Tyler Myers              0  0  0  -1  0   2  0  1  0  0  0/0    13:35   0:00   0:00 
Zach Hyman               0  0  0  -1  0   2  0  0  0  0  8/14   13:22   0:00   1:29 

3 Stars

1 - Oliver Ekman-Larsson (BUF)
2 - Ryan Johansen (BUF)
3 - Kyle Okposo (MIN)

Power Play

Wild - 0 on 4 Attempt(s) - 0.00%
Sabres - 3 on 4 Attempt(s) - 75.00%

Penalty Kill

Wild - 1 on 4 Attempt(s) - 25.00% - Score 0 goal in Penalty Kill
Sabres - 4 on 4 Attempt(s) - 100.00% - Score 0 goal in Penalty Kill

Team Stat

Wild - Hits : 19 - Faceoff Wins : 47 - Blocked Shots : 7 - Penalty Minutes : 8
Sabres - Hits : 16 - Faceoff Wins : 42 - Blocked Shots : 10 - Penalty Minutes : 8

Official

Referees : TJ Luxmore and Brian Pochmara
Linesman : Ryan Galloway and Jonny Murray

Game Notes

No Game Note

Finance

Level 1 -- Attendance: 6500 (100.00%) -- Ticket Income $715,000
Level 2 -- Attendance: 4120 (82.40%) -- Ticket Income $350,200
Level 3 -- Attendance: 3194 (91.26%) -- Ticket Income $159,700
Level 4 -- Attendance: 2697 (87.85%) -- Ticket Income $67,425
Luxury Box -- Attendance: 859 (85.90%) -- Ticket Income $180,390
Game was played at the First Niagara Center.
Total Attendance: 17370 (91.09%)
Total Ticket Income: $1,472,715
Other Income: $220,907
Total Income: $1,693,622

% Time on Ice - Wild

Lines # - Real PCT - Wanted PCT - Time Play
Normal Forward
1 - 34% - 40% - 16:26
2 - 37% - 40% - 17:40
3 - 25% - 19% - 11:55
4 - 4% - 1% - 2:01
Normal Defense
1 - 40% - 45% - 19:18
2 - 31% - 35% - 15:06
3 - 27% - 15% - 13:04
4 - 1% - 5% - 0:34
PP Forward
1 - 54% - 50% - 4:19
2 - 46% - 50% - 3:38
PP Defense
1 - 43% - 50% - 3:25
2 - 57% - 50% - 4:32
PK Forward
1 - 65% - 58% - 2:37
2 - 35% - 42% - 1:24
PK Defense
1 - 45% - 53% - 1:49
2 - 55% - 47% - 2:12
PK3 Forward
1 - 0% - 50%
2 - 0% - 50%
PK3 Defense
1 - 0% - 55%
2 - 0% - 45%
44 Forward
1 - 0% - 60%
2 - 0% - 40%
44 Defense
1 - 0% - 55%
2 - 0% - 45%
Last Minute Offensive  - 0:00
Last Minute Defensive  - 0:00
Total
Forward - 60:00
Defense - 60:00

% Time on Ice - Sabres

Lines # - Real PCT - Wanted PCT - Time Play
Normal Forward
1 - 33% - 40% - 15:57
2 - 29% - 30% - 14:05
3 - 25% - 20% - 11:53
4 - 13% - 10% - 6:07
Normal Defense
1 - 38% - 40% - 18:14
2 - 33% - 30% - 15:47
3 - 26% - 20% - 12:21
4 - 3% - 10% - 1:40
PP Forward
1 - 59% - 60% - 2:23
2 - 41% - 40% - 1:38
PP Defense
1 - 54% - 60% - 2:09
2 - 46% - 40% - 1:52
PK Forward
1 - 81% - 60% - 6:28
2 - 19% - 40% - 1:29
PK Defense
1 - 69% - 60% - 5:28
2 - 31% - 40% - 2:29
PK3 Forward
1 - 0% - 60%
2 - 0% - 40%
PK3 Defense
1 - 0% - 60%
2 - 0% - 40%
44 Forward
1 - 0% - 60%
2 - 0% - 40%
44 Defense
1 - 0% - 60%
2 - 0% - 40%
Last Minute Offensive  - 0:00
Last Minute Defensive  - 0:00
Total
Forward - 60:00
Defense - 60:00

Play by Play

1st period


0:01 of 1st period - Jason Spezza wins face-off versus Ryan Johansen in neutral zone.
0:12 of 1st period - Shot by Tanner Pearson.
0:12 of 1st period - Shot Blocked by Rasmus Ristolainen.
0:14 of 1st period - Shot by Carl Gunnarsson.
0:14 of 1st period - Shot Blocked by Francois Beauchemin.
0:16 of 1st period - Shot by Tanner Pearson.
0:16 of 1st period - Shot Misses the Net.
0:18 of 1st period - Shot by Jason Spezza.
0:18 of 1st period - Shot Misses the Net.
0:20 of 1st period - Shot by Kyle Okposo.
0:20 of 1st period - Stopped by Ondrej Pavelec with a rebound.
0:28 of 1st period - Shot by Tanner Pearson.
0:28 of 1st period - Stopped by Ondrej Pavelec without a rebound.
0:29 of 1st period - Eric Staal wins face-off versus Kyle Turris in Sabres zone.
0:32 of 1st period - Shot by Eric Staal.
0:32 of 1st period - Goal by Eric Staal - Wild : 1 - Sabres : 0.
0:33 of 1st period - Eric Staal wins face-off versus Zach Hyman in neutral zone.
0:42 of 1st period - Shot by Eric Staal.
0:42 of 1st period - Stopped by Ondrej Pavelec with a rebound.
1:34 of 1st period - Shot by Peter Holland.
1:34 of 1st period - Shot Misses the Net.
1:36 of 1st period - Shot by Alex Biega.
1:36 of 1st period - Stopped by Ondrej Pavelec without a rebound.
1:37 of 1st period - Jason Spezza wins face-off versus Kyle Turris in Sabres zone.
2:10 of 1st period - Shot by Kyle Turris.
2:10 of 1st period - Shot Misses the Net.
2:38 of 1st period - Shot by Rasmus Ristolainen.
2:38 of 1st period - Shot Misses the Net.
2:44 of 1st period - Shot by Ryan Johansen.
2:44 of 1st period - Shot Misses the Net.
2:54 of 1st period - Shot by Brock Nelson.
2:54 of 1st period - Stopped by James Reimer without a rebound.
2:55 of 1st period - Lars Eller wins face-off versus Eric Staal in Wild zone.
2:56 of 1st period - Shot by Gustav Nyquist.
2:56 of 1st period - Deflect By Lars Eller.
2:56 of 1st period - Stopped by James Reimer without a rebound.
2:57 of 1st period - Eric Staal wins face-off versus Lars Eller in Wild zone.
3:04 of 1st period - Shot by Eric Staal.
3:04 of 1st period - Stopped by Ondrej Pavelec with a rebound.
3:06 of 1st period - Shot by Christian Folin.
3:06 of 1st period - Goal by Christian Folin - Wild : 2 - Sabres : 0.
3:07 of 1st period - Ryan Johansen wins face-off versus Peter Holland in neutral zone.
4:29 of 1st period - Shot by Jacob Josefson.
4:29 of 1st period - Stopped by James Reimer with a rebound.
4:31 of 1st period - Shot by Braydon Coburn.
4:31 of 1st period - Shot Misses the Net.
4:33 of 1st period - Shot by Braydon Coburn.
4:33 of 1st period - Deflect By Gustav Nyquist.
4:33 of 1st period - Shot Misses the Net.
4:35 of 1st period - Shot by Tyler Myers.
4:35 of 1st period - Shot Misses the Net.
5:01 of 1st period - Icing by Dennis Wideman.
5:02 of 1st period - Zach Hyman wins face-off versus Peter Holland in Wild zone.
5:23 of 1st period - Shot by Zach Hyman.
5:23 of 1st period - Stopped by James Reimer with a rebound.
5:32 of 1st period - Marian Gaborik is hit by Oliver Ekman-Larsson and loses puck.
5:49 of 1st period - Shot by Marian Gaborik.
5:49 of 1st period - Shot Misses the Net.
5:51 of 1st period - Shot by Marian Gaborik.
5:51 of 1st period - Shot Misses the Net.
6:09 of 1st period - Icing by Oliver Ekman-Larsson.
6:10 of 1st period - Jason Spezza wins face-off versus Zach Hyman in Sabres zone.
6:13 of 1st period - Shot by Tanner Pearson.
6:13 of 1st period - Shot Misses the Net.
6:16 of 1st period - Minor Penalty to Tanner Pearson for Tripping.
6:17 of 1st period - John McCarthy wins face-off versus Ryan Johansen in Wild zone.
6:17 of 1st period - John McCarthy is hit by Nino Niederreiter.
6:24 of 1st period - Icing by Ryan Johansen.
6:25 of 1st period - Ryan Johansen wins face-off versus John McCarthy in Sabres zone.
6:30 of 1st period - Shot by Francois Beauchemin.
6:30 of 1st period - Stopped by James Reimer without a rebound.
6:31 of 1st period - Ryan Johansen wins face-off versus John McCarthy in Wild zone.
6:56 of 1st period - Shot by Ryan Johansen.
6:56 of 1st period - Stopped by James Reimer with a rebound.
6:58 of 1st period - Shot by Kyle Turris.
6:58 of 1st period - Shot Misses the Net.
7:00 of 1st period - Shot by Nino Niederreiter.
7:00 of 1st period - Stopped by James Reimer without a rebound.
7:01 of 1st period - Matt Cullen wins face-off versus John McCarthy in Wild zone.
7:30 of 1st period - Shot by Rasmus Ristolainen.
7:30 of 1st period - Shot Blocked by Mason Raymond.
8:04 of 1st period - Icing by Francois Beauchemin.
8:05 of 1st period - Peter Holland wins face-off versus Ryan Johansen in Sabres zone.
8:19 of 1st period - Icing by Zach Hyman.
8:20 of 1st period - Zach Hyman wins face-off versus Marian Gaborik in Sabres zone.
8:24 of 1st period - Kris Versteeg is hit by Alexander Edler and loses puck.
8:33 of 1st period - Daniel Winnik is hit by Marian Gaborik and loses puck.
8:39 of 1st period - Minor Penalty to Braydon Coburn for Holding.
8:40 of 1st period - Jason Spezza wins face-off versus Ryan Johansen in Sabres zone.
8:45 of 1st period - Shot by Jason Spezza.
8:45 of 1st period - Shot Misses the Net.
8:47 of 1st period - Shot by Jeff Petry.
8:47 of 1st period - Shot Blocked by Francois Beauchemin.
8:49 of 1st period - Shot by Jeff Petry.
8:49 of 1st period - Deflect By Tanner Pearson.
8:49 of 1st period - Shot Blocked by Rasmus Ristolainen.
9:09 of 1st period - Shot by Kyle Okposo.
9:09 of 1st period - Stopped by Ondrej Pavelec without a rebound.
9:10 of 1st period - Ryan Johansen wins face-off versus Eric Staal in Sabres zone.
9:10 of 1st period - Ryan Johansen is hit by Eric Staal.
9:42 of 1st period - Shot by Zach Hyman.
9:42 of 1st period - Shot Misses the Net.
10:30 of 1st period - Shot by Jason Spezza.
10:30 of 1st period - Shot Blocked by Rasmus Ristolainen.
10:47 of 1st period - Gustav Nyquist is hit by Dennis Wideman and loses puck.
10:55 of 1st period - Lars Eller is hit by Alex Biega and loses puck.
11:20 of 1st period - Shot by Lars Eller.
11:20 of 1st period - Stopped by James Reimer without a rebound.
11:21 of 1st period - Kyle Turris wins face-off versus Jason Pominville in Wild zone.
11:35 of 1st period - Off-side.
11:36 of 1st period - Zach Hyman wins face-off versus Jason Spezza in neutral zone.
11:41 of 1st period - Shot by Oliver Ekman-Larsson.
11:41 of 1st period - Shot Blocked by Christian Folin.
12:03 of 1st period - Shot by Jason Spezza.
12:03 of 1st period - Goal by Jason Spezza - Wild : 3 - Sabres : 0.
12:04 of 1st period - Eric Staal wins face-off versus Ryan Johansen in neutral zone.
12:23 of 1st period - Shot by Ryan Johansen.
12:23 of 1st period - Stopped by James Reimer with a rebound.
12:39 of 1st period - Shot by Jason Pominville.
12:39 of 1st period - Shot Misses the Net.
12:41 of 1st period - Shot by Alexander Edler.
12:41 of 1st period - Stopped by Ondrej Pavelec without a rebound.
12:42 of 1st period - Jason Spezza wins face-off versus Kyle Turris in Sabres zone.
12:42 of 1st period - Kyle Okposo is hit by Oliver Ekman-Larsson and loses puck.
12:49 of 1st period - Shot by Tanner Pearson.
12:49 of 1st period - Shot Misses the Net.
13:05 of 1st period - Shot by Matt Cullen.
13:05 of 1st period - Shot Misses the Net.
13:11 of 1st period - Thomas Vanek is hit by Tanner Pearson.
13:58 of 1st period - Shot by Peter Holland.
13:58 of 1st period - Shot Misses the Net.
14:00 of 1st period - Shot by Dustin Brown.
14:00 of 1st period - Shot Misses the Net.
14:02 of 1st period - Shot by Alex Biega.
14:02 of 1st period - Shot Misses the Net.
14:04 of 1st period - Shot by Dustin Brown.
14:04 of 1st period - Shot Blocked by Johnny Oduya.
14:06 of 1st period - Shot by Peter Holland.
14:06 of 1st period - Stopped by Ondrej Pavelec with a rebound.
14:08 of 1st period - Shot by Dustin Brown.
14:08 of 1st period - Stopped by Ondrej Pavelec without a rebound.
14:09 of 1st period - Ryan Johansen wins face-off versus Eric Staal in Sabres zone.
14:14 of 1st period - Shot by Brock Nelson.
14:14 of 1st period - Shot Misses the Net.
14:24 of 1st period - Shot by Alexander Edler.
14:24 of 1st period - Stopped by Ondrej Pavelec with a rebound.
14:29 of 1st period - Jason Pominville is hit by Rasmus Ristolainen and loses puck.
14:39 of 1st period - Minor Penalty to Rasmus Ristolainen for High sticking.
14:40 of 1st period - Ryan Johansen wins face-off versus Jason Spezza in Sabres zone.
14:40 of 1st period - Ryan Johansen is hit by Kyle Okposo.
14:46 of 1st period - Francois Beauchemin is hit by Kyle Okposo.
15:17 of 1st period - Shot by Tanner Pearson.
15:17 of 1st period - Deflect By Kyle Okposo.
15:17 of 1st period - Stopped by Ondrej Pavelec without a rebound.
15:18 of 1st period - Ryan Johansen wins face-off versus Jason Pominville in Sabres zone.
15:39 of 1st period - Shot by Alexander Edler.
15:39 of 1st period - Shot Misses the Net.
16:02 of 1st period - Off-side.
16:03 of 1st period - Jason Spezza wins face-off versus Ryan Johansen in neutral zone.
16:24 of 1st period - Oliver Ekman-Larsson is hit by Jeff Petry and loses puck.
16:45 of 1st period - Dennis Wideman is hit by Gustav Nyquist and loses puck.
16:54 of 1st period - Shot by Lars Eller.
16:54 of 1st period - Stopped by James Reimer without a rebound.
16:55 of 1st period - Eric Staal wins face-off versus Zach Hyman in Wild zone.
17:24 of 1st period - Shot by Marian Gaborik.
17:24 of 1st period - Shot Misses the Net.
17:43 of 1st period - Icing by Rasmus Ristolainen.
17:44 of 1st period - Jason Spezza wins face-off versus Zach Hyman in Sabres zone.
17:52 of 1st period - Icing by Francois Beauchemin.
17:53 of 1st period - Jason Spezza wins face-off versus Daniel Winnik in Sabres zone.
17:54 of 1st period - Shot by Kyle Okposo.
17:54 of 1st period - Deflect By Jason Spezza.
17:54 of 1st period - Stopped by Ondrej Pavelec without a rebound.
17:55 of 1st period - Ryan Johansen wins face-off versus Jason Spezza in Sabres zone.
18:14 of 1st period - Shot by Tanner Pearson.
18:14 of 1st period - Shot Blocked by Oliver Ekman-Larsson.
18:16 of 1st period - Shot by Tanner Pearson.
18:16 of 1st period - Deflect By Jason Spezza.
18:16 of 1st period - Shot Misses the Net.
18:20 of 1st period - Shot by Kyle Okposo.
18:20 of 1st period - Stopped by Ondrej Pavelec without a rebound.
18:21 of 1st period - Eric Staal wins face-off versus Kyle Turris in Sabres zone.
18:27 of 1st period - Kyle Turris is hit by Carl Gunnarsson and loses puck.
18:49 of 1st period - Minor Penalty to Eric Staal for Hooking.
18:50 of 1st period - Ryan Johansen wins face-off versus John McCarthy in Wild zone.
19:13 of 1st period - Shot by Oliver Ekman-Larsson.
19:13 of 1st period - Shot Blocked by Carl Gunnarsson.
19:15 of 1st period - Shot by Oliver Ekman-Larsson.
19:15 of 1st period - Goal by Oliver Ekman-Larsson - Wild : 3 - Sabres : 1.
19:16 of 1st period - Lars Eller wins face-off versus Jason Spezza in neutral zone.
19:18 of 1st period - Minor Penalty to Christian Folin for Holding.
19:19 of 1st period - Matt Cullen wins face-off versus Mason Raymond in Wild zone.
19:20 of 1st period - Shot by Rasmus Ristolainen.
19:20 of 1st period - Shot Misses the Net.
19:22 of 1st period - Shot by Johnny Oduya.
19:22 of 1st period - Goal by Johnny Oduya - Wild : 3 - Sabres : 2.
19:23 of 1st period - Jason Spezza wins face-off versus Ryan Johansen in neutral zone.
19:27 of 1st period - Alexander Edler is hit by Nino Niederreiter and loses puck.
19:39 of 1st period - Icing by Carl Gunnarsson.
19:40 of 1st period - Jason Spezza wins face-off versus Kyle Turris in Wild zone.
Goals for this period are 3 for Wild vs 2 for Sabres.
Shots for this period are 16 for Wild vs 12 for Sabres.

2nd period


0:01 of 2nd period - Ryan Johansen wins face-off versus Jason Spezza in neutral zone.
0:42 of 2nd period - Shot by Nino Niederreiter.
0:42 of 2nd period - Shot Misses the Net.
1:04 of 2nd period - Shot by Kyle Turris.
1:04 of 2nd period - Deflect By Matt Cullen.
1:04 of 2nd period - Shot Misses the Net.
1:06 of 2nd period - Shot by Matt Cullen.
1:06 of 2nd period - Shot Misses the Net.
1:47 of 2nd period - Daniel Winnik is hit by Alexander Edler and loses puck.
1:54 of 2nd period - Shot by Kris Versteeg.
1:54 of 2nd period - Shot Misses the Net.
1:56 of 2nd period - Shot by Tyler Myers.
1:56 of 2nd period - Stopped by James Reimer without a rebound.
1:57 of 2nd period - Eric Staal wins face-off versus Lars Eller in Wild zone.
2:37 of 2nd period - Shot by Jason Pominville.
2:37 of 2nd period - Shot Misses the Net.
3:04 of 2nd period - Shot by Dustin Brown.
3:04 of 2nd period - Shot Misses the Net.
3:06 of 2nd period - Shot by Dennis Wideman.
3:06 of 2nd period - Stopped by Ondrej Pavelec with a rebound.
3:10 of 2nd period - Shot by Mason Raymond.
3:10 of 2nd period - Shot Misses the Net.
3:12 of 2nd period - Shot by Peter Holland.
3:12 of 2nd period - Stopped by Ondrej Pavelec without a rebound.
3:13 of 2nd period - Ryan Johansen wins face-off versus John McCarthy in Sabres zone.
3:22 of 2nd period - Dustin Brown is hit by Ryan Johansen and loses puck.
3:31 of 2nd period - Shot by Ryan Johansen.
3:31 of 2nd period - Stopped by James Reimer without a rebound.
3:32 of 2nd period - Peter Holland wins face-off versus Matt Cullen in Wild zone.
4:50 of 2nd period - Off-side.
4:51 of 2nd period - Jason Spezza wins face-off versus Kris Versteeg in neutral zone.
5:19 of 2nd period - Shot by Jason Spezza.
5:19 of 2nd period - Shot Misses the Net.
5:21 of 2nd period - Shot by Carl Gunnarsson.
5:21 of 2nd period - Stopped by Ondrej Pavelec without a rebound.
5:22 of 2nd period - Ryan Johansen wins face-off versus Eric Staal in Sabres zone.
5:48 of 2nd period - Shot by Jason Pominville.
5:48 of 2nd period - Shot Blocked by Ryan Johansen.
6:12 of 2nd period - Off-side.
6:13 of 2nd period - Kyle Turris wins face-off versus Jason Spezza in neutral zone.
6:41 of 2nd period - Icing by Francois Beauchemin.
6:42 of 2nd period - Peter Holland wins face-off versus Kyle Turris in Sabres zone.
7:05 of 2nd period - Shot by Kyle Turris.
7:05 of 2nd period - Shot Misses the Net.
7:07 of 2nd period - Shot by Francois Beauchemin.
7:07 of 2nd period - Shot Misses the Net.
7:46 of 2nd period - Shot by Kris Versteeg.
7:46 of 2nd period - Deflect By Zach Hyman.
7:46 of 2nd period - Stopped by James Reimer without a rebound.
7:47 of 2nd period - Ryan Johansen wins face-off versus Eric Staal in Wild zone.
7:47 of 2nd period - Ryan Johansen is hit by Alexander Edler.
7:53 of 2nd period - Shot by Nino Niederreiter.
7:53 of 2nd period - Shot Hit the Post.
8:19 of 2nd period - Nino Niederreiter is hit by Eric Staal and loses puck.
8:45 of 2nd period - Icing by Francois Beauchemin.
8:46 of 2nd period - Jason Spezza wins face-off versus Lars Eller in Sabres zone.
8:49 of 2nd period - Shot by Tanner Pearson.
8:49 of 2nd period - Shot Misses the Net.
8:57 of 2nd period - Shot by Tanner Pearson.
8:57 of 2nd period - Shot Blocked by Rasmus Ristolainen.
9:09 of 2nd period - Shot by Tanner Pearson.
9:09 of 2nd period - Shot Misses the Net.
9:13 of 2nd period - Shot by Tanner Pearson.
9:13 of 2nd period - Goal by Tanner Pearson - Wild : 4 - Sabres : 2.
9:14 of 2nd period - Kyle Turris wins face-off versus John McCarthy in neutral zone.
9:17 of 2nd period - Shot by Thomas Vanek.
9:17 of 2nd period - Shot Misses the Net.
9:19 of 2nd period - Shot by Thomas Vanek.
9:19 of 2nd period - Shot Blocked by Dustin Brown.
9:29 of 2nd period - Shot by Matt Cullen.
9:29 of 2nd period - Shot Misses the Net.
9:31 of 2nd period - Shot by Thomas Vanek.
9:31 of 2nd period - Stopped by James Reimer without a rebound.
9:32 of 2nd period - Ryan Johansen wins face-off versus Jason Spezza in Wild zone.
9:42 of 2nd period - Jason Spezza is hit by Rasmus Ristolainen and loses puck.
9:49 of 2nd period - Shot by Kyle Okposo.
9:49 of 2nd period - Stopped by Ondrej Pavelec without a rebound.
9:50 of 2nd period - Eric Staal wins face-off versus Matt Cullen in Sabres zone.
10:18 of 2nd period - Jeff Petry is hit by Kyle Turris and loses puck.
10:31 of 2nd period - Shot by Marian Gaborik.
10:31 of 2nd period - Stopped by Ondrej Pavelec without a rebound.
10:32 of 2nd period - Ryan Johansen wins face-off versus Jason Spezza in Sabres zone.
10:32 of 2nd period - Ryan Johansen is hit by Kyle Okposo.
10:50 of 2nd period - Shot by Tanner Pearson.
10:50 of 2nd period - Stopped by Ondrej Pavelec without a rebound.
10:51 of 2nd period - Zach Hyman wins face-off versus Peter Holland in Sabres zone.
11:24 of 2nd period - Mason Raymond is hit by Braydon Coburn and loses puck.
11:48 of 2nd period - Icing by Alex Biega.
11:49 of 2nd period - Kyle Turris wins face-off versus Peter Holland in Wild zone.
12:08 of 2nd period - Shot by Matt Cullen.
12:08 of 2nd period - Stopped by James Reimer without a rebound.
12:09 of 2nd period - Ryan Johansen wins face-off versus Eric Staal in Wild zone.
12:27 of 2nd period - Brock Nelson is hit by Alexander Edler and loses puck.
12:36 of 2nd period - Shot by Nino Niederreiter.
12:36 of 2nd period - Shot Misses the Net.
12:38 of 2nd period - Shot by Johnny Oduya.
12:38 of 2nd period - Stopped by James Reimer without a rebound.
12:39 of 2nd period - Jason Spezza wins face-off versus Kyle Turris in Wild zone.
13:39 of 2nd period - Shot by Jason Pominville.
13:39 of 2nd period - Stopped by Ondrej Pavelec with a rebound.
13:52 of 2nd period - Shot by Nino Niederreiter.
13:52 of 2nd period - Deflect By Ryan Johansen.
13:52 of 2nd period - Stopped by James Reimer with a rebound.
13:54 of 2nd period - Shot by Nino Niederreiter.
13:54 of 2nd period - Goal by Nino Niederreiter - Wild : 4 - Sabres : 3.
13:55 of 2nd period - Zach Hyman wins face-off versus Peter Holland in neutral zone.
14:24 of 2nd period - Shot by Dustin Brown.
14:24 of 2nd period - Shot Misses the Net.
14:26 of 2nd period - Shot by Peter Holland.
14:26 of 2nd period - Stopped by Ondrej Pavelec without a rebound.
14:27 of 2nd period - Ryan Johansen wins face-off versus Eric Staal in Sabres zone.
14:40 of 2nd period - Shot by Ryan Johansen.
14:40 of 2nd period - Stopped by James Reimer without a rebound.
14:41 of 2nd period - Jason Spezza wins face-off versus Kyle Turris in Wild zone.
15:45 of 2nd period - Shot by Nino Niederreiter.
15:45 of 2nd period - Shot Blocked by Alexander Edler.
15:47 of 2nd period - Shot by Brock Nelson.
15:47 of 2nd period - Shot Misses the Net.
15:53 of 2nd period - Shot by Ryan Johansen.
15:53 of 2nd period - Goal by Ryan Johansen - Wild : 4 - Sabres : 4.
15:54 of 2nd period - Kris Versteeg wins face-off versus Peter Holland in neutral zone.
16:13 of 2nd period - Off-side.
16:14 of 2nd period - Ryan Johansen wins face-off versus Eric Staal in neutral zone.
17:49 of 2nd period - Shot by Jason Spezza.
17:49 of 2nd period - Stopped by Ondrej Pavelec without a rebound.
17:50 of 2nd period - Peter Holland wins face-off versus Kyle Turris in Sabres zone.
17:51 of 2nd period - Shot by Mason Raymond.
17:51 of 2nd period - Deflect By Dustin Brown.
17:51 of 2nd period - Stopped by Ondrej Pavelec without a rebound.
17:52 of 2nd period - Peter Holland wins face-off versus Kyle Turris in Sabres zone.
18:25 of 2nd period - Shot by Peter Holland.
18:25 of 2nd period - Stopped by Ondrej Pavelec without a rebound.
18:26 of 2nd period - Jason Spezza wins face-off versus Nino Niederreiter in Sabres zone.
18:26 of 2nd period - Jason Spezza is hit by Rasmus Ristolainen.
18:34 of 2nd period - Shot by Jason Spezza.
18:34 of 2nd period - Deflect By Kyle Okposo.
18:34 of 2nd period - Shot Misses the Net.
18:58 of 2nd period - Shot by Tanner Pearson.
18:58 of 2nd period - Stopped by Ondrej Pavelec without a rebound.
18:59 of 2nd period - Eric Staal wins face-off versus Lars Eller in Sabres zone.
19:07 of 2nd period - Icing by Lars Eller.
19:08 of 2nd period - Gustav Nyquist wins face-off versus Marian Gaborik in Sabres zone.
19:15 of 2nd period - Shot by Jacob Josefson.
19:15 of 2nd period - Deflect By Lars Eller.
19:15 of 2nd period - Shot Misses the Net.
Goals for this period are 1 for Wild vs 2 for Sabres.
Shots for this period are 13 for Wild vs 10 for Sabres.

3rd period


0:01 of 3rd period - Kyle Okposo wins face-off versus Ryan Johansen in neutral zone.
1:04 of 3rd period - Shot by Thomas Vanek.
1:04 of 3rd period - Shot Misses the Net.
1:06 of 3rd period - Shot by Johnny Oduya.
1:06 of 3rd period - Shot Hit the Post.
1:08 of 3rd period - Shot by Kyle Turris.
1:08 of 3rd period - Deflect By Thomas Vanek.
1:08 of 3rd period - Shot Blocked by Alexander Edler.
1:10 of 3rd period - Shot by Matt Cullen.
1:10 of 3rd period - Shot Misses the Net.
1:12 of 3rd period - Shot by Thomas Vanek.
1:12 of 3rd period - Stopped by James Reimer without a rebound.
1:13 of 3rd period - Eric Staal wins face-off versus Zach Hyman in Wild zone.
1:40 of 3rd period - Shot by Zach Hyman.
1:40 of 3rd period - Shot Misses the Net.
2:08 of 3rd period - Kyle Turris is hit by Marian Gaborik and loses puck.
2:18 of 3rd period - Jason Pominville is hit by Oliver Ekman-Larsson and loses puck.
2:29 of 3rd period - Shot by Matt Cullen.
2:29 of 3rd period - Shot Misses the Net.
2:37 of 3rd period - Shot by Kyle Turris.
2:37 of 3rd period - Deflect By Thomas Vanek.
2:37 of 3rd period - Shot Misses the Net.
3:05 of 3rd period - Shot by Dustin Brown.
3:05 of 3rd period - Stopped by Ondrej Pavelec with a rebound.
3:07 of 3rd period - Shot by Mason Raymond.
3:07 of 3rd period - Goal by Mason Raymond - Wild : 5 - Sabres : 4.
3:08 of 3rd period - Lars Eller wins face-off versus Mason Raymond in neutral zone.
3:10 of 3rd period - Minor Penalty to Peter Holland for Cross-checking.
3:11 of 3rd period - John McCarthy wins face-off versus Ryan Johansen in Wild zone.
3:22 of 3rd period - Shot by Mason Raymond.
3:22 of 3rd period - Shot Misses the Net.
4:42 of 3rd period - Shot by Brock Nelson.
4:42 of 3rd period - Goal by Brock Nelson - Wild : 5 - Sabres : 5.
4:43 of 3rd period - Zach Hyman wins face-off versus Jason Spezza in neutral zone.
5:38 of 3rd period - Shot by Mason Raymond.
5:38 of 3rd period - Stopped by Ondrej Pavelec with a rebound.
6:48 of 3rd period - Shot by Rasmus Ristolainen.
6:48 of 3rd period - Shot Misses the Net.
7:10 of 3rd period - Shot by Thomas Vanek.
7:10 of 3rd period - Stopped by James Reimer without a rebound.
7:11 of 3rd period - Peter Holland wins face-off versus Lars Eller in Wild zone.
7:18 of 3rd period - Shot by Dustin Brown.
7:18 of 3rd period - Deflect By Peter Holland.
7:18 of 3rd period - Stopped by Ondrej Pavelec without a rebound.
7:19 of 3rd period - Jason Spezza wins face-off versus Thomas Vanek in Sabres zone.
7:53 of 3rd period - Shot by Jason Spezza.
7:53 of 3rd period - Shot Misses the Net.
9:06 of 3rd period - Francois Beauchemin is hit by Dustin Brown and loses puck.
9:25 of 3rd period - Shot by Marian Gaborik.
9:25 of 3rd period - Shot Misses the Net.
9:33 of 3rd period - Shot by Marian Gaborik.
9:33 of 3rd period - Stopped by Ondrej Pavelec without a rebound.
9:34 of 3rd period - Zach Hyman wins face-off versus Eric Staal in Sabres zone.
9:57 of 3rd period - Shot by Eric Staal.
9:57 of 3rd period - Stopped by Ondrej Pavelec without a rebound.
9:58 of 3rd period - John McCarthy wins face-off versus Lars Eller in Sabres zone.
11:00 of 3rd period - Shot by Jason Spezza.
11:00 of 3rd period - Stopped by Ondrej Pavelec without a rebound.
11:01 of 3rd period - Kyle Turris wins face-off versus Eric Staal in Sabres zone.
11:01 of 3rd period - Kyle Turris is hit by Eric Staal.
11:44 of 3rd period - Shot by Kyle Turris.
11:44 of 3rd period - Stopped by James Reimer without a rebound.
11:45 of 3rd period - Jason Spezza wins face-off versus Ryan Johansen in Wild zone.
11:49 of 3rd period - Off-side.
11:50 of 3rd period - Jason Spezza wins face-off versus Ryan Johansen in neutral zone.
12:16 of 3rd period - Off-side.
12:17 of 3rd period - Peter Holland wins face-off versus Zach Hyman in neutral zone.
12:45 of 3rd period - Off-side.
12:46 of 3rd period - Kyle Okposo wins face-off versus Ryan Johansen in neutral zone.
12:49 of 3rd period - Shot by Jason Spezza.
12:49 of 3rd period - Shot Misses the Net.
13:24 of 3rd period - Double Minor Penalty to Nino Niederreiter for Roughing.
13:25 of 3rd period - Ryan Johansen wins face-off versus Eric Staal in Sabres zone.
14:27 of 3rd period - Shot by Kyle Okposo.
14:27 of 3rd period - Stopped by Ondrej Pavelec without a rebound.
14:28 of 3rd period - Jacob Josefson wins face-off versus Jason Spezza in Sabres zone.
14:28 of 3rd period - Jacob Josefson is hit by Tanner Pearson.
15:44 of 3rd period - Icing by Alexander Edler.
15:45 of 3rd period - Ryan Johansen wins face-off versus Jason Spezza in Wild zone.
15:59 of 3rd period - Kyle Okposo is hit by Ryan Johansen and loses puck.
16:11 of 3rd period - Icing by Alexander Edler.
16:12 of 3rd period - Jason Spezza wins face-off versus Ryan Johansen in Wild zone.
17:20 of 3rd period - Shot by Zach Hyman.
17:20 of 3rd period - Shot Misses the Net.
17:24 of 3rd period - Shot by Zach Hyman.
17:24 of 3rd period - Shot Misses the Net.
17:26 of 3rd period - Shot by Daniel Winnik.
17:26 of 3rd period - Shot Misses the Net.
17:28 of 3rd period - Shot by Tyler Myers.
17:28 of 3rd period - Shot Misses the Net.
17:30 of 3rd period - Shot by Tyler Myers.
17:30 of 3rd period - Stopped by James Reimer with a rebound.
17:32 of 3rd period - Shot by Kris Versteeg.
17:32 of 3rd period - Stopped by James Reimer without a rebound.
17:33 of 3rd period - Zach Hyman wins face-off versus Peter Holland in Wild zone.
17:49 of 3rd period - Dustin Brown is hit by Braydon Coburn and loses puck.
18:00 of 3rd period - Shot by Dennis Wideman.
18:00 of 3rd period - Shot Blocked by Tyler Myers.
18:36 of 3rd period - Peter Holland is hit by Oliver Ekman-Larsson and loses puck.
18:40 of 3rd period - Icing by Johnny Oduya.
18:41 of 3rd period - Eric Staal wins face-off versus Kyle Turris in Sabres zone.
18:48 of 3rd period - Shot by Eric Staal.
18:48 of 3rd period - Stopped by Ondrej Pavelec without a rebound.
18:49 of 3rd period - Eric Staal wins face-off versus Brock Nelson in Sabres zone.
18:50 of 3rd period - Shot by Marian Gaborik.
18:50 of 3rd period - Shot Misses the Net.
18:57 of 3rd period - Eric Staal is hit by Rasmus Ristolainen and loses puck.
19:22 of 3rd period - Shot by Eric Staal.
19:22 of 3rd period - Shot Misses the Net.
Goals for this period are 1 for Wild vs 1 for Sabres.
Shots for this period are 9 for Wild vs 6 for Sabres.

Overtime #1


0:01 of 1st overtime period - Jason Spezza wins face-off versus Jacob Josefson in neutral zone.
1:24 of 1st overtime period - Shot by Ryan Johansen.
1:24 of 1st overtime period - Shot Misses the Net.
1:34 of 1st overtime period - Shot by Ryan Johansen.
1:34 of 1st overtime period - Stopped by James Reimer without a rebound.
1:35 of 1st overtime period - Matt Cullen wins face-off versus Kyle Okposo in Wild zone.
3:06 of 1st overtime period - Shot by Ryan Johansen.
3:06 of 1st overtime period - Deflect By Kyle Turris.
3:06 of 1st overtime period - Shot Misses the Net.
3:08 of 1st overtime period - Shot by Ryan Johansen.
3:08 of 1st overtime period - Stopped by James Reimer without a rebound.
3:09 of 1st overtime period - Jason Pominville wins face-off versus Ryan Johansen in Wild zone.
3:19 of 1st overtime period - Shot by Ryan Johansen.
3:19 of 1st overtime period - Deflect By Nino Niederreiter.
3:19 of 1st overtime period - Shot Blocked by Zach Redmond.
3:51 of 1st overtime period - Icing by Johnny Oduya.
3:52 of 1st overtime period - Jason Spezza wins face-off versus Ryan Johansen in Sabres zone.
4:42 of 1st overtime period - Shot by Daniel Winnik.
4:42 of 1st overtime period - Stopped by James Reimer without a rebound.
4:43 of 1st overtime period - Eric Staal wins face-off versus Kyle Turris in Wild zone.
Goals for this period are 0 for Wild vs 0 for Sabres.
Shots for this period are 0 for Wild vs 3 for Sabres.

ShootOut


5:00 of 1st overtime period - Penalty Shot by Jason Spezza for Wild.
5:00 of 1st overtime period - Stopped by Ondrej Pavelec.
5:00 of 1st overtime period - Penalty Shot by Daniel Winnik for Sabres.
5:00 of 1st overtime period - Stopped by James Reimer.
5:00 of 1st overtime period - Penalty Shot by Kyle Okposo for Wild.
5:00 of 1st overtime period - Shot Misses the Net.
5:00 of 1st overtime period - Penalty Shot by Ryan Johansen for Sabres.
5:00 of 1st overtime period - Stopped by James Reimer.
5:00 of 1st overtime period - Penalty Shot by Marian Gaborik for Wild.
5:00 of 1st overtime period - Stopped by Ondrej Pavelec.
5:00 of 1st overtime period - Penalty Shot by Kyle Turris for Sabres.
5:00 of 1st overtime period - Shot Misses the Net.
5:00 of 1st overtime period - Penalty Shot by Jason Pominville for Wild.
5:00 of 1st overtime period - Shot Misses the Net.
5:00 of 1st overtime period - Penalty Shot by Nino Niederreiter for Sabres.
5:00 of 1st overtime period - Stopped by James Reimer.
5:00 of 1st overtime period - Penalty Shot by Peter Holland for Wild.
5:00 of 1st overtime period - Goal by Peter Holland.
5:00 of 1st overtime period - Penalty Shot by Matt Cullen for Sabres.
5:00 of 1st overtime period - Stopped by James Reimer.